 Dungeon Crawl Stone Soup version 0.13-a0-1536-gedae9ec (webtiles) character file.

125 Kae the Chopper (level 3, -5/30 HPs)
             Began as a Lava Orc Chaos Knight on June 9, 2013.
             Was a Plaything of Xom.
             Slain by a gnoll
             ... wielding a +0,+1 halberd
              (9 damage)
             ... on Level 2 of the Dungeon.
             The game lasted 00:00:59 (1015 turns).

Kae the Chopper (Lava Orc Chaos Knight)             Turns: 1015, Time: 00:00:59

HP  -5/30        AC  8     Str 15      XL: 3   Next: 42%
MP   3/3         EV 10     Int 12      God: Xom
Gold 80          SH  0     Dex 10      Spells:  0 memorised,  2 levels left

Res.Fire  : + . .   See Invis. : .   a - +0 orc hand axe (chaos) {=f}
Res.Cold  : . . .   Warding    : .   b - +2 orc leather armour
Life Prot.: . . .   Conserve   : .   (no shield)
Res.Poison: .       Res.Corr.  : .   (no helmet)
Res.Elec. : .       Clarity    : .   (no cloak)
Sust.Abil.: . .     Spirit.Shd : .   (no gloves)
Res.Mut.  : .       Stasis     : .   (no boots)
Res.Rott. : .       Flight     : .   (no amulet)
Saprovore : + . .                    (no ring)
                                     (no ring)

@: not resistant to hostile enchantments, very unstealthy
A: conserve scrolls, saprovore 1
a: Renounce Religion


You were on level 2 of the Dungeon.
You worshipped Xom.
You were a plaything of Xom.
You were not hungry.

You visited 1 branch of the dungeon, and saw 2 of its levels.

You collected 60 gold pieces.

Inventory:

Hand weapons
 a - a +0,+0 orcish hand axe of chaos (weapon) {=f}
Armour
 b - a +2 orcish leather armour (worn)
Comestibles
 c - 2 meat rations
 o - a bread ration
 p - a cheese
 s - a pear
Scrolls
 d - a scroll of amnesia {unknown}
 e - 2 scrolls of enchant armour {unknown}
 f - 4 scrolls of identify {unknown}
 g - a scroll of remove curse {unknown}
 i - a scroll of noise {unknown}
 j - 3 scrolls of curse weapon {unknown}
 k - a scroll of recharging {unknown}
 n - a scroll of teleportation {unknown}
 r - a scroll of magic mapping {unknown}
Jewellery
 h - a +3 ring of dexterity {unknown}
Potions
 l - a potion of agility {unknown}
 m - a potion of degeneration {unknown}
 q - a potion of curing {unknown}


   Skills:
 + Level 3.9 Fighting
 * Level 4.6 Axes
 + Level 2.6 Armour
 + Level 1.2 Dodging


You had 2 spell levels left.
You didn't know any spells.

Dungeon Overview and Level Annotations

Branches:
Dungeon (2/27)

Altars:
Nemelex Xobeh


Innate Abilities, Weirdness & Mutations

You have stony skin.
You cover ground slowly.
Your flesh is heat resistant.
Your flesh is vulnerable to cold.
Your heat harms attackers.
You bathe your surroundings in blazing heat.
You are too hot to use scrolls.
You are very good at protecting items from fire.
You can tolerate rotten meat.


Message History

The gnoll is heavily wounded.
It bites you but does no damage. The gnoll hits you with a spear.
* * * LOW HITPOINT WARNING * * *
The gnoll barely misses you.
Use which ability? (? or * to list)
Okay, then.
You hit the gnoll.
The gnoll is poisoned.
The gnoll is moderately wounded.
You hit the gnoll.
The gnoll is almost dead.
The gnoll hits you with a halberd.
* * * LOW HITPOINT WARNING * * *
It bites you but does no damage. The gnoll hits you but does no damage.
The gnoll hits you from afar with a spear.
* * * LOW HITPOINT WARNING * * *
Unknown command.
Your movements quicken.
It bites you but does no damage.
The gnoll hits you from afar with a halberd!
You die...

...........#
.###.###...#####.##
#..........[
.###.###..#########
..........#
(###.###.## # #.#
#.###.###.#
.<.......@#
###..#..l##
#....gg#
.......#.gg ...#.#.
.#.# .# #... ##.#
###. # #. #.


You could see a gnoll and a giant gecko.

Vanquished Creatures
  An adder (D:2)
  A grey rat (D:1)
  2 giant cockroaches (D:1)
  4 goblins
  3 hobgoblins (D:1)
  A ball python (D:1)
  8 bats
  3 kobolds (D:1)
  9 rats
32 creatures vanquished.

Notes
Turn   | Place    | Note
--------------------------------------------------------------
     0 | D:1      | Kae, the Lava Orc Chaos Knight, began the quest for the Orb.
     0 | D:1      | Reached XP level 1. HP: 17/17 MP: 1/1
    25 | D:1      | XOM: harmless Summ miscast
   231 | D:1      | Reached skill level 4 in Axes
   248 | D:1      | Reached XP level 2. HP: 24/24 MP: 2/2
   552 | D:1      | Reached skill level 1 in Dodging
   704 | D:1      | Reached XP level 3. HP: 27/30 MP: 3/3
   721 | D:1      | Found a sparkling altar of Nemelex Xobeh.
   993 | D:2      | XOM: enchant monster (bad)
  1015 | D:2      | Slain by a gnoll

Action                   || total
-------------------------++-------
Melee: Hand axe          ||    99
